[Event "Titled Tuesday Blitz May 30 Early 2023"]
[White "Pinheiro, Iung Alicio de O."]
[Black "Trifan, Andrei Ioan"]
[WhiteFideId "2104350"]
[BlackFideId "12967068"]
[WhiteElo "2283"]
[BlackElo "2208"]
[Result "0-1"]
[Round "11"]
[TimeControl "180+2"]
[Date "2023.05.30"]
[WhiteClock "0:00:00"]
[BlackClock "0:00:14"]

1. d4 b6 2. e4 Bb7 3. Bd3 e6 4. Qe2 Nf6 5. Nf3 c5 6. d5 exd5 7. exd5+ Qe7 8. c4 Qxe2+ 9. Kxe2 b5 10. b3 Bd6 11. Re1 O-O 12. Nc3 bxc4 13. bxc4 Na6 14. a3 Rfe8+ 15. Kf1 Ng4 16. Nb5 Rxe1+ 17. Kxe1 Re8+ 18. Kf1 Bb8 19. Bb2 f6 20. Bf5 Ne5 21. Re1 d6 22. Nd2 Rd8 23. f4 Ng6 24. g3 Kf8 25. h4 Nc7 26. Nc3 Kf7 27. h5 Nf8 28. g4 g6 29. hxg6+ hxg6 30. Bd3 Bc8 31. f5 Ne8 32. Kf2 Ng7 33. fxg6+ Nxg6 34. Kg3 Ne5 35. Be2 Bc7 36. Nce4 f5 37. Rf1 Kg6 38. Nf2 fxg4 39. Bxg4 Nf5+ 40. Bxf5+ Bxf5 41. Nfe4 Rb8 42. Bxe5 dxe5 43. d6 Bb6 44. Kf3 Ba5 45. Rg1+ Kf7 46. Rg5 Ke6 47. d7 Bxd2 48. Nxd2 Kf6 49. Rh5 Bxd7 50. Ne4+ Kg6 51. Rxe5 Rb3+ 52. Kf4 Rxa3 53. Rxc5 Ra4 54. Rd5 Be6 55. Rd6 Rxc4 56. Rxe6+ Kf7 57. Ra6 Rc7 58. Ke5 Re7+ 59. Kf5 Ke8 60. Nf6+ Kd8 61. Rd6+ Kc7 62. Ra6 Kb7 63. Ra1 a6 64. Rb1+ Kc6 65. Kg6 a5 66. Rc1+ Kb5 67. Kf5 a4 68. Nd5 Rh7 69. Ke5 a3 70. Rb1+ Ka4 71. Nb6+ Ka5 72. Nc4+ Ka4 73. Rb8 Ra7 74. Kd4 a2 0-1


[Site "https://www.chess.com"]

[Event "Titled Tuesday Blitz May 30 Early 2023"]
[White "Streltsov, Alexey"]
[Black "FunnyDuck66"]
[WhiteFideId "24104434"]
[WhiteElo "2600"]
[BlackElo "2400"]
[Result "1-0"]
[Round "11"]
[TimeControl "180+2"]
[Date "2023.05.30"]
[WhiteClock "0:01:26"]
[BlackClock "0:00:00"]

1. d4 Nf6 2. Nc3 d5 3. Bf4 c6 4. f3 Bf5 5. g4 Bg6 6. h4 h6 7. e3 e6 8. Bd3 Bxd3 9. Qxd3 Bd6 10. Nge2 Qc7 11. O-O-O Nbd7 12. g5 Nh5 13. Bxd6 Qxd6 14. g6 f5 15. e4 Rf8 16. e5 Qe7 17. f4 b5 18. Qf3 b4 19. Na4 Qd8 20. Kb1 Qa5 21. Nc5 Nxc5 22. dxc5 Qxc5 23. Qxh5 b3 24. axb3 a5 25. Qf3 a4 26. Qc3 Qb6 27. b4 Kd7 28. Nd4 Rfb8 29. Qc5 Qxc5 30. bxc5 Rb4 31. c3 Rc4 32. Kc2 Rxc5 33. Ra1 Rca5 34. b4 axb3+ 35. Nxb3 Ra2+ 36. Kd3 Kc7 37. Rhb1 1-0


[Site "https://www.chess.com"]

[Event "Titled Tuesday Blitz May 30 Early 2023"]
[White "Sanhueza, Cristian"]
[Black "Petrosyan, Manuel"]
[WhiteFideId "116815"]
[BlackFideId "13300857"]
[WhiteElo "2174"]
[BlackElo "2576"]
[Result "0-1"]
[Round "11"]
[TimeControl "180+2"]
[Date "2023.05.30"]
[WhiteClock "0:00:17"]
[BlackClock "0:00:46"]

1. e4 c5 2. Nf3 d6 3. d4 cxd4 4. Nxd4 Nf6 5. Nc3 a6 6. Be3 Ng4 7. Bc1 Nf6 8. Be3 e5 9. Nf3 h6 10. Bc4 Qc7 11. Bb3 Be6 12. O-O Be7 13. Qe2 O-O 14. Rfd1 Nbd7 15. Nh4 Rfe8 16. Nf5 Bf8 17. Qf3 Kh7 18. Rac1 g6 19. g4 Bxb3 20. cxb3 gxf5 21. gxf5 Qd8 22. Kh1 Rc8 23. Rg1 b5 24. Rg3 b4 25. Ne2 Rxc1+ 26. Bxc1 Nc5 27. Rh3 Ncxe4 28. Bxh6 Bxh6 29. Qe3 Ng4 30. Rxh6+ Nxh6 31. Qxe4 d5 0-1


[Site "https://www.chess.com"]

[Event "Titled Tuesday Blitz May 30 Early 2023"]
[White "Gheorghiu, Calin"]
[Black "Yuan, Qingyu"]
[WhiteFideId "1200305"]
[BlackFideId "8609772"]
[WhiteElo "2223"]
[BlackElo "2359"]
[Result "0-1"]
[Round "11"]
[TimeControl "180+2"]
[Date "2023.05.30"]
[WhiteClock "0:00:07"]
[BlackClock "0:00:08"]

1. e4 e5 2. Nf3 Nc6 3. Bb5 Nf6 4. d3 Bc5 5. c3 d5 6. Nxe5 O-O 7. Nxc6 bxc6 8. Bxc6 Bxf2+ 9. Kxf2 Ng4+ 10. Kg1 Qf6 11. Qf3 Qxc6 12. exd5 Qb6+ 13. d4 Re8 14. g3 Qg6 15. h3 Qc2 16. Nd2 Re3 17. Qf4 Qd1+ 18. Nf1 Re2 19. hxg4 Ba6 20. Rh2 Rxh2 21. Kxh2 Bxf1 22. b3 Qe2+ 0-1


[Site "https://www.chess.com"]

[Event "Titled Tuesday Blitz May 30 Early 2023"]
[White "Shvedova, Alexandra"]
[Black "Liu, Xiangyi"]
[WhiteFideId "54154782"]
[BlackFideId "8605718"]
[WhiteElo "1973"]
[BlackElo "2323"]
[Result "0-1"]
[Round "11"]
[TimeControl "180+2"]
[Date "2023.05.30"]
[WhiteClock "0:00:00"]
[BlackClock "0:00:06"]

1. e4 e6 2. d4 d5 3. Nd2 c5 4. exd5 Qxd5 5. Ngf3 cxd4 6. Bc4 Qd7 7. O-O Nc6 8. Nb3 a6 9. Nbxd4 Nxd4 10. Nxd4 Bd6 11. Bb3 Qc7 12. h3 Nf6 13. Re1 O-O 14. c3 e5 15. Nc2 h6 16. Ne3 Be6 17. Nd5 Bxd5 18. Bxd5 Rad8 19. Bb3 e4 20. Qe2 Qc5 21. Be3 Qe5 22. g3 Qf5 23. Kg2 h5 24. Rad1 h4 25. Bb6 hxg3 26. fxg3 Qe5 27. Qe3 Rd7 28. Bd4 Qe7 29. Bxf6 Qxf6 30. Qxe4 Rfd8 31. Qf3 Qxf3+ 32. Kxf3 g6 33. Rd4 Bc5 34. Rxd7 Rxd7 35. Re2 Rd3+ 36. Kg2 Bd6 37. Rf2 Rxg3+ 38. Kf1 Rxh3 39. Rxf7 Kh8 40. Rxb7 Rh2 41. Bd5 g5 42. Rb6 Bc5 43. Rb7 g4 44. b4 Be3 45. Re7 Bd2 46. Re4 g3 47. Rg4 Rf2+ 48. Kg1 Bf4 49. c4 Be5 50. c5 Rd2 51. Be4 Rxa2 52. c6 Ra1+ 53. Kg2 Rc1 54. Bd5 Rc2+ 55. Kf3 Rd2 56. Be4 Rf2+ 57. Ke3 Rb2 58. Rg5 Bd6 59. Rg6 Be5 60. Rg5 Bf6 61. Rg6 Rb3+ 62. Ke2 Be5 63. Rg5 Bf4 64. Rg4 Re3+ 65. Kf1 Rxe4 66. c7 Rc4 67. Rxf4 Rxf4+ 0-1


[Site "https://www.chess.com"]

[Event "Titled Tuesday Blitz May 30 Early 2023"]
[White "Tanmay Jain"]
[Black "Samunenkov, Ihor"]
[WhiteFideId "45015481"]
[BlackFideId "14187086"]
[WhiteElo "2032"]
[BlackElo "2457"]
[Result "0-1"]
[Round "11"]
[TimeControl "180+2"]
[Date "2023.05.30"]
[WhiteClock "0:00:03"]
[BlackClock "0:00:04"]

1. e4 c5 2. Nf3 Nc6 3. g3 d5 4. exd5 Qxd5 5. Bg2 Qe6+ 6. Qe2 Qxe2+ 7. Kxe2 Bg4 8. c3 O-O-O 9. h3 Bf5 10. d4 cxd4 11. cxd4 e5 12. dxe5 Bd3+ 13. Ke1 Bc5 14. Bd2 Nge7 15. Bc3 Nd5 16. Bf1 Be4 17. Be2 Ncb4 18. Bxb4 Nxb4 19. Na3 Nd3+ 20. Kf1 Kb8 21. Nc4 Nxf2 22. Rh2 Nd3 23. Rd1 Nb4 24. Rxd8+ Rxd8 25. a3 Nd3 26. b4 Be7 27. Ne1 Nc1 28. Rf2 Nxe2 29. Kxe2 Bd5 30. Ne3 Be6 31. Nd3 Rc8 32. Nf4 Rc3 33. Nxe6 fxe6 34. Rf7 Bg5 35. Ng4 h5 36. Rxg7 hxg4 37. Rxg5 gxh3 38. Kf2 Rxa3 39. Rh5 Ra2+ 40. Kf3 h2 41. g4 Kc7 42. g5 Kd7 43. Rh7+ Ke8 44. Ke4 Kf8 45. Kd3 Kg8 46. Rh6 Kg7 47. Kc4 Rc2+ 48. Kd4 b6 49. Rh3 a5 50. Kd3 Rg2 51. bxa5 bxa5 52. Kc4 a4 53. Kb4 a3 54. Kxa3 Rg3+ 55. Rxg3 h1=Q 56. Rb3 Kg6 57. Rb6 Qd5 58. Ka4 Qxe5 59. Rb2 Qxb2 0-1


[Site "https://www.chess.com"]

[Event "Titled Tuesday Blitz May 30 Early 2023"]
[White "Toncheva, Nadya"]
[Black "Sahib Singh"]
[WhiteFideId "2924056"]
[BlackFideId "25618342"]
[WhiteElo "2101"]
[BlackElo "1934"]
[Result "0-1"]
[Round "11"]
[TimeControl "180+2"]
[Date "2023.05.30"]
[WhiteClock "0:00:04"]
[BlackClock "0:00:06"]

1. d4 d5 2. c4 e6 3. Nc3 c6 4. e3 f5 5. Nf3 Bd6 6. Ne5 Nf6 7. Bd3 O-O 8. O-O Nbd7 9. f4 Ne4 10. Nxe4 fxe4 11. Be2 Nxe5 12. fxe5 Be7 13. Bd2 b6 14. Qa4 Bd7 15. Rxf8+ Bxf8 16. Rf1 a6 17. Qd1 c5 18. cxd5 exd5 19. Bg4 Qe8 20. Bxd7 Qxd7 21. Qh5 g6 22. Qg5 Be7 23. Qg3 Rf8 24. Rxf8+ Bxf8 25. Qf2 Be7 26. h3 Qa4 27. Bc3 c4 28. a3 Qe8 29. Qf4 Qd7 30. Be1 Qe6 31. Bh4 Bf8 32. Kh2 b5 33. Bd8 Qf7 34. Qg4 Qf5 35. e6 Qxg4 36. hxg4 Bd6+ 37. Kh3 Kf8 38. Kh4 Be7+ 39. Bxe7+ Kxe7 40. Kg5 a5 41. Kh6 b4 42. Kxh7 bxa3 43. bxa3 c3 44. Kxg6 c2 0-1


[Site "https://www.chess.com"]

[Event "Titled Tuesday Blitz May 30 Early 2023"]
[White "Balla, Tamas-Kristof"]
[Black "Goryachkina, Aleksandra"]
[WhiteFideId "1208497"]
[BlackFideId "4147103"]
[WhiteElo "2334"]
[BlackElo "2471"]
[Result "0-1"]
[Round "11"]
[TimeControl "180+2"]
[Date "2023.05.30"]
[WhiteClock "0:01:23"]
[BlackClock "0:01:07"]

1. e4 c6 2. d4 d5 3. exd5 cxd5 4. c4 Nf6 5. Nc3 Nc6 6. Bg5 Be6 7. cxd5 Nxd5 8. Nf3 h6 9. Bh4 g6 10. Be2 Bg7 11. O-O O-O 12. Bg3 Bg4 13. h3 Bxf3 14. Bxf3 Nb6 15. d5 Nd4 16. Re1 Qd7 17. Qd3 Nxf3+ 18. Qxf3 Rad8 19. Rad1 Rfe8 20. d6 exd6 21. Rxe8+ Rxe8 22. Rxd6 Qe7 23. Rd1 h5 24. Bd6 Qd7 25. Bc5 Qc6 26. Qxc6 bxc6 27. Rd6 Re1+ 0-1


[Site "https://www.chess.com"]

[Event "Titled Tuesday Blitz May 30 Early 2023"]
[White "Vlassov, Nikolai"]
[Black "Begunov, Konstantin"]
[WhiteFideId "4103360"]
[BlackFideId "4118510"]
[WhiteElo "2324"]
[BlackElo "2050"]
[Result "1/2-1/2"]
[Round "11"]
[TimeControl "180+2"]
[Date "2023.05.30"]
[WhiteClock "0:00:08"]
[BlackClock "0:00:04"]

1. e4 c5 2. c3 Nf6 3. e5 Nd5 4. d4 cxd4 5. cxd4 Nc6 6. Nc3 Nxc3 7. bxc3 d5 8. Bd3 a6 9. f4 e6 10. Nf3 Na5 11. O-O Bd7 12. a4 Rc8 13. Bd2 Nc4 14. Qe2 Nxd2 15. Qxd2 g6 16. Rfb1 Bc6 17. a5 Be7 18. Ra2 Qd7 19. h3 Bd8 20. g4 h5 21. f5 hxg4 22. hxg4 gxf5 23. gxf5 Qe7 24. f6 Qf8 25. Qf4 Kd7 26. Rbb2 Bc7 27. Rg2 Rg8 28. Bh7 Rxg2+ 29. Rxg2 Bxa5 30. Rg7 Kc7 31. Ng5 Kb8 32. Rxf7 Qh6 33. Nxe6 Qh5 34. Rg7 Bxc3 35. Nc5 Qd1+ 36. Kh2 Bxd4 37. e6+ Ka7 38. Nd7 Qe2+ 39. Rg2 Qxe6 40. Qxd4+ Ka8 41. Nb6+ Kb8 42. Qf4+ Rc7 43. Rg8+ Ka7 44. Qxc7 Qe2+ 45. Rg2 Qh5+ 46. Kg3 d4 47. Nc8+ Ka8 48. Rf2 Qg5+ 49. Kh3 Qh5+ 50. Kg3 Qg5+ 51. Kh3 Qh5+ 52. Kg3 1/2-1/2


[Site "https://www.chess.com"]

[Event "Titled Tuesday Blitz May 30 Early 2023"]
[White "Mazurkiewicz, Michal"]
[Black "Korchmar, Vasiliy"]
[WhiteFideId "1124943"]
[BlackFideId "24131750"]
[WhiteElo "2054"]
[BlackElo "2370"]
[Result "1-0"]
[Round "11"]
[TimeControl "180+2"]
[Date "2023.05.30"]
[WhiteClock "0:00:04"]
[BlackClock "0:00:01"]

1. e4 c5 2. Nf3 d6 3. g3 Nc6 4. Bg2 Nf6 5. d3 g6 6. O-O Bg7 7. Re1 O-O 8. e5 dxe5 9. Nxe5 Nxe5 10. Rxe5 Bg4 11. Qe1 b6 12. Rxe7 Rc8 13. Nc3 Be6 14. Rxa7 Re8 15. Qf1 b5 16. Nxb5 c4 17. d4 Bd5 18. Bg5 Qb6 19. Bxf6 Bxg2 20. Qxg2 Bxf6 21. Rb7 Qa6 22. c3 Re2 23. Qd5 Rf8 24. Nd6 Be7 25. Nxc4 Rd8 26. Qf3 Qxc4 27. a4 Rd6 28. b3 Qa6 29. Ra7 Qxa7 30. Qxe2 Re6 31. Qf3 Rf6 32. Qe2 Bd6 33. a5 Kg7 34. a6 h5 35. h4 Bc7 36. b4 g5 37. hxg5 Rg6 38. f4 h4 39. gxh4 Re6 40. Qf3 Qb6 41. a7 Qb5 42. a8=Q Qf5 43. Qad5 Qc2 44. Qxe6 fxe6 45. Ra7 Qc1+ 46. Qf1 Qe3+ 47. Qf2 Qxc3 48. b5 Kg6 49. Qe2 Qxd4+ 50. Qf2 Qxf2+ 51. Kxf2 Bb6+ 52. Kf3 Bxa7 53. Kg4 Bb6 54. h5+ Kg7 55. f5 exf5+ 56. Kxf5 Be3 57. g6 Kh6 58. Ke6 Bd4 59. Kf7 Kxh5 60. g7 Bxg7 61. Kxg7 1-0


[Site "https://www.chess.com"]

[Event "Titled Tuesday Blitz May 30 Early 2023"]
[White "Martin Alvarez, Inigo"]
[Black "Girya, Olga"]
[WhiteFideId "2259354"]
[BlackFideId "4195752"]
[WhiteElo "2411"]
[BlackElo "2263"]
[Result "0-1"]
[Round "11"]
[TimeControl "180+2"]
[Date "2023.05.30"]
[WhiteClock "0:00:20"]
[BlackClock "0:00:09"]

1. e4 e5 2. Nf3 Nc6 3. Bb5 a6 4. Ba4 Nf6 5. Qe2 Bc5 6. O-O d6 7. c3 O-O 8. h3 Re8 9. Rd1 b5 10. Bc2 d5 11. d3 h6 12. Nbd2 Be6 13. Nf1 Qe7 14. Ng3 Rad8 15. Nh4 dxe4 16. dxe4 Rxd1+ 17. Bxd1 Bc4 18. Qe1 Rd8 19. Nhf5 Qe6 20. Be3 Bf8 21. Bc2 Bd3 22. Bxd3 Rxd3 23. Qe2 Rd8 24. b3 h5 25. Bg5 g6 26. Nh4 Be7 27. Nf3 Nh7 28. Be3 Nf8 29. Ng5 Bxg5 30. Bxg5 f6 31. Be3 h4 32. Nf1 g5 33. Nh2 Kg7 34. Nf3 Ng6 35. Rd1 Rd7 36. Rd3 Nce7 37. Qd2 Rxd3 38. Qxd3 Qd6 39. Qxd6 cxd6 40. Kf1 d5 41. Nd2 Kf7 42. Ke2 Ke6 43. c4 d4 44. Bxg5 fxg5 45. cxb5 Nf4+ 46. Kf1 axb5 47. Nf3 Kf6 48. a4 bxa4 49. bxa4 Nc6 50. g3 hxg3 51. fxg3 Nxh3 52. Kg2 g4 53. Nh2 Kg5 54. Nf1 Na5 55. Nd2 Kf6 56. Nf1 Ng5 57. Nd2 Ne6 58. Kf2 Nc5 59. Ke2 Nxa4 60. Kd3 Nc3 61. Nf1 Nb3 62. Nd2 Nc5+ 63. Kc2 N5xe4 64. Nc4 Nxg3 65. Kd3 Nf5 66. Na3 e4+ 67. Kd2 e3+ 68. Ke1 d3 69. Nc4 d2+ 70. Nxd2 exd2+ 71. Kxd2 g3 72. Ke1 Ne4 73. Kf1 Kg5 74. Kg2 Kg4 75. Kg1 Kf3 76. Kh1 Nd4 77. Kg1 Ne2+ 78. Kh1 g2+ 79. Kh2 g1=Q+ 80. Kh3 Qg3# 0-1


[Site "https://www.chess.com"]

[Event "Titled Tuesday Blitz May 30 Early 2023"]
[White "Rodriguez Santiago, Jaime"]
[Black "Melian, Juan Sebastian"]
[WhiteFideId "3100898"]
[BlackFideId "3706575"]
[WhiteElo "2025"]
[BlackElo "2092"]
[Result "0-1"]
[Round "11"]
[TimeControl "180+2"]
[Date "2023.05.30"]
[WhiteClock "0:00:00"]
[BlackClock "0:00:04"]

1. d4 Nf6 2. c4 e6 3. Nc3 d5 4. cxd5 exd5 5. Bg5 Be7 6. e3 O-O 7. Qc2 Nbd7 8. Bd3 Re8 9. Nge2 Nf8 10. O-O h6 11. Bh4 Bg4 12. f3 Bh5 13. Bf2 c5 14. Bb5 N8d7 15. e4 cxd4 16. Bxd4 a6 17. Bxd7 Qxd7 18. e5 Nh7 19. Nf4 Bg6 20. Nxg6 fxg6 21. Qxg6 Nf8 22. Qxg7+ Kxg7 23. e6+ Kg6 24. exd7 Nxd7 25. Nxd5 Bd6 26. Rad1 Rac8 27. Nc3 Re6 28. Ne4 Be7 29. Bc3 Nb6 30. g4 Nc4 31. Rfe1 Re8 32. Kg2 Bf8 33. h4 Nb6 34. h5+ Kf7 35. Kg3 Kg8 36. Nf2 Na4 37. Rxe6 Rxe6 38. Bd4 Bd6+ 39. f4 Re2 40. Kf3 Rc2 41. b3 Nc3 42. Bxc3 Rxc3+ 43. Rd3 Rc6 44. Ne4 Be7 45. g5 hxg5 46. fxg5 Rc1 47. Kg4 Rf1 48. h6 Kf7 49. Rd7 Ke6 50. Rxb7 Rg1+ 51. Kh5 Kf5 52. Nd6+ Bxd6 53. Rf7+ Ke6 54. Rf6+ Ke5 55. h7 Be7 56. h8=Q Rh1+ 57. Kg6 Rxh8 58. Rxa6 Rg8+ 59. Kf7 Rxg5 60. Kxe7 Rg7+ 61. Kd8 Kd5 62. Kc8 Kc5 63. a3 Kb5 64. Rh6 Rg3 65. Rh5+ Kb6 0-1


[Site "https://www.chess.com"]

[Event "Titled Tuesday Blitz May 30 Early 2023"]
[White "Martic, Ivan"]
[Black "Dilmukhametov, Artur"]
[WhiteFideId "929301"]
[BlackFideId "24179922"]
[WhiteElo "2360"]
[BlackElo "2242"]
[Result "1-0"]
[Round "11"]
[TimeControl "180+2"]
[Date "2023.05.30"]
[WhiteClock "0:00:09"]
[BlackClock "0:00:00"]

1. d4 Nf6 2. Bg5 g6 3. Bxf6 exf6 4. e3 Bg7 5. g3 O-O 6. Bg2 d6 7. Ne2 Nd7 8. O-O f5 9. Nd2 Re8 10. a4 Nf6 11. c4 Ne4 12. Qc2 Qe7 13. Nc3 Nxd2 14. Qxd2 c6 15. b4 Be6 16. Qd3 a6 17. Rab1 Rac8 18. d5 Bxc3 19. dxe6 Bg7 20. exf7+ Qxf7 21. b5 axb5 22. axb5 Kh8 23. bxc6 bxc6 24. Rb6 d5 25. cxd5 cxd5 26. Bxd5 Qe7 27. Rb7 Rc7 28. Rfb1 Rec8 29. Rxc7 Qxc7 30. Rb7 Qc1+ 31. Kg2 Qc3 32. Qb5 Qe5 33. Qd7 Rf8 34. h4 h6 35. Rc7 Kh7 36. Rc6 Rf6 37. Rc8 Qd6 38. Bg8+ Kh8 39. Bf7+ Kh7 40. Qe8 Bf8 41. h5 gxh5 42. Bxh5 Qe7 43. Qb5 Bg7 44. Rb8 Qe4+ 45. Bf3 Qc2 46. Qe8 Rf8 47. Qb5 Rxb8 48. Qxb8 Qd3 49. Qe8 Qc2 50. Bh5 Qc6+ 51. Qxc6 1-0


[Site "https://www.chess.com"]

[Event "Titled Tuesday Blitz May 30 Early 2023"]
[White "Wang, Ricky"]
[Black "Hasangatin, Ramil"]
[WhiteFideId "2071916"]
[BlackFideId "4122160"]
[WhiteElo "2331"]
[BlackElo "2279"]
[Result "0-1"]
[Round "11"]
[TimeControl "180+2"]
[Date "2023.05.30"]
[WhiteClock "0:00:00"]
[BlackClock "0:01:17"]

1. e4 e6 2. d4 b6 3. Nf3 Bb7 4. Bg5 Be7 5. Bxe7 Qxe7 6. Nc3 Qb4 7. Qd2 Nf6 8. Bd3 Qe7 9. O-O-O d6 10. Rhe1 e5 11. Bb5+ c6 12. dxe5 dxe5 13. Nxe5 O-O 14. Qg5 cxb5 15. Nxb5 h6 16. Qf5 Bc8 17. Qf4 Nh5 18. Qe3 Qxe5 19. Nd6 Qf4 20. Qxf4 Nxf4 21. g3 Ne6 22. f4 Nc6 23. f5 Nc5 24. Re3 Ne5 25. a3 f6 26. b4 Ncd7 27. Rc3 Rb8 28. Rc7 a6 29. Re1 b5 30. Re3 Nb6 0-1


[Site "https://www.chess.com"]

[Event "Titled Tuesday Blitz May 30 Early 2023"]
[White "Aradhya, Garg"]
[Black "Sowul, Bartosz"]
[WhiteFideId "25006746"]
[BlackFideId "1137590"]
[WhiteElo "2263"]
[BlackElo "2188"]
[Result "1-0"]
[Round "11"]
[TimeControl "180+2"]
[Date "2023.05.30"]
[WhiteClock "0:01:16"]
[BlackClock "0:00:15"]

1. d4 Nf6 2. c4 c5 3. dxc5 e6 4. Be3 Na6 5. Nc3 Bxc5 6. Bxc5 Nxc5 7. g3 b6 8. Bg2 Bb7 9. Nf3 O-O 10. O-O d5 11. cxd5 Nxd5 12. Nxd5 Bxd5 13. Qd4 Rc8 14. Rfd1 Qe7 15. Qf4 h6 16. h4 Rfd8 17. Rd4 Bxf3 18. Bxf3 Rxd4 19. Qxd4 Rd8 20. Qe3 Qf6 21. Rb1 Qf5 22. Rc1 Qf6 23. b4 Nd7 24. Rc7 Ne5 25. Rxa7 Rd1+ 26. Kg2 Nxf3 27. Qxf3 Qxf3+ 28. Kxf3 Rb1 29. a3 f6 30. h5 Kf8 31. Ra6 e5 32. e3 Rb3 33. Ke4 Kf7 34. Ra7+ Ke6 35. g4 Rb2 36. f3 Ra2 37. Rxg7 Rxa3 38. Rb7 Rb3 39. Rxb6+ Kf7 40. b5 Ke7 41. f4 exf4 42. exf4 Rg3 43. Kf5 Rd3 44. Re6+ Kd7 45. Rxf6 Rd5+ 46. Kg6 Rxb5 47. Kxh6 Ke7 48. Kg6 Rb8 49. g5 Rg8+ 50. Kf5 Rh8 51. h6 Rb8 52. Ra6 Rb5+ 53. Kg6 Kf8 54. f5 Rb8 55. f6 Kg8 56. Re6 Kh8 57. f7 Rb6 58. f8=Q# 1-0


[Site "https://www.chess.com"]

[Event "Titled Tuesday Blitz May 30 Early 2023"]
[White "LangesNasenhaar"]
[Black "MaryanKyrychenko"]
[WhiteElo "2490"]
[BlackElo "2621"]
[Result "1/2-1/2"]
[Round "11"]
[TimeControl "180+2"]
[Date "2023.05.30"]
[WhiteClock "0:00:06"]
[BlackClock "0:00:20"]

1. d4 a6 2. Nc3 b5 3. Bf4 Bb7 4. a3 h6 5. e4 g5 6. Be3 Bg7 7. h4 gxh4 8. Rxh4 Nf6 9. f3 e6 10. Rh1 Nc6 11. Qd2 Qe7 12. O-O-O O-O-O 13. Bxh6 Rxh6 14. Rxh6 Nxd4 15. Qxd4 Bxh6+ 16. Kb1 c5 17. Qf2 d5 18. Qh4 Bg7 19. Qg5 Qf8 20. exd5 Nxd5 21. Nxd5 Rxd5 22. Rxd5 Bxd5 23. Ne2 Qh8 24. c3 Bf6 25. Qf4 Be5 26. Qe3 f6 27. Qxc5+ Kd7 28. Nc1 Qh1 29. Qf2 Bf4 30. Ne2 Bc4 31. Kc2 Be3 32. Qxe3 Qxf1 33. Qd2+ Ke7 34. Nd4 e5 35. Nc6+ Kf7 36. Nb4 a5 37. Qd7+ Kg6 38. Qg4+ Kh6 39. Qh4+ Kg6 40. Qg4+ Kf7 41. Qd7+ Kg8 42. Qg4+ Kf8 43. Qc8+ Kg7 44. Qg4+ Kh8 45. Qh5+ Kg7 46. Qg4+ Kf7 47. Qd7+ 1/2-1/2


[Site "https://www.chess.com"]

[Event "Titled Tuesday Blitz May 30 Early 2023"]
[White "Fan_Of_Chucky"]
[Black "SashaKuzhilniy"]
[WhiteElo "2466"]
[BlackElo "2617"]
[Result "1-0"]
[Round "11"]
[TimeControl "180+2"]
[Date "2023.05.30"]
[WhiteClock "0:00:09"]
[BlackClock "0:00:16"]

1. d4 Nf6 2. c4 e6 3. Nf3 d5 4. g3 c6 5. Bg2 dxc4 6. Ne5 b5 7. Nxc6 Nxc6 8. Bxc6+ Bd7 9. Bxa8 Qxa8 10. O-O Be7 11. f3 O-O 12. e4 Rd8 13. Be3 Bc6 14. Qe2 a5 15. Nd2 Bb4 16. a4 Bxd2 17. Bxd2 Rxd4 18. axb5 Bxb5 19. Rxa5 Qc6 20. Be3 Rd3 21. Rd1 h5 22. Rxd3 cxd3 23. Qd2 h4 24. Bg5 Qb6+ 25. Kg2 hxg3 26. Bxf6 gxh2 27. Kxh2 gxf6 28. Ra8+ Kh7 29. Qg2 d2 30. Qh3+ Kg7 31. Qh8+ Kg6 32. Rg8# 1-0


[Site "https://www.chess.com"]

[Event "Titled Tuesday Blitz May 30 Early 2023"]
[White "brm72"]
[Black "Fishchuk, Vladyslav"]
[BlackFideId "34122117"]
[WhiteElo "2608"]
[BlackElo "2082"]
[Result "0-1"]
[Round "11"]
[TimeControl "180+2"]
[Date "2023.05.30"]
[WhiteClock "0:00:07"]
[BlackClock "0:00:27"]

1. e4 c5 2. Nf3 Nf6 3. e5 Nd5 4. Nc3 e6 5. d4 Nc6 6. Nxd5 exd5 7. dxc5 Bxc5 8. Bd3 d6 9. exd6 O-O 10. O-O Bg4 11. h3 Bh5 12. Bf4 Bxd6 13. Bxd6 Qxd6 14. Be2 Rfe8 15. c3 Rad8 16. Nd4 Nxd4 17. Bxh5 Ne6 18. Re1 g6 19. Bf3 b6 20. Qd2 d4 21. cxd4 Nxd4 22. Qc3 Qf4 23. Rad1 Nxf3+ 24. Qxf3 Qxf3 25. gxf3 Rxe1+ 26. Rxe1 Rd2 27. Re7 a5 28. b3 Rxa2 29. Rb7 Rb2 30. Rxb6 a4 31. Ra6 axb3 32. Kg2 Rc2 33. Rb6 b2 34. Kg3 Kf8 35. Rb7 Kg7 36. h4 Kf6 37. Rb6+ Ke5 38. f4+ Kd4 39. f3 Kc3 40. Kg4 Kd3 41. Kg5 Rc5+ 42. Kf6 Rf5+ 43. Kg7 Kc2 44. Kxh7 b1=Q 45. Rxb1 Kxb1 46. Kg7 Rxf4 0-1


[Site "https://www.chess.com"]

[Event "Titled Tuesday Blitz May 30 Early 2023"]
[White "Grave, Jacob Templen"]
[Black "MKlose11"]
[WhiteFideId "1542656"]
[WhiteElo "2189"]
[BlackElo "2603"]
[Result "1/2-1/2"]
[Round "11"]
[TimeControl "180+2"]
[Date "2023.05.30"]
[WhiteClock "0:00:11"]
[BlackClock "0:01:05"]

1. e4 e6 2. d3 d5 3. Nd2 Nf6 4. Ngf3 b6 5. g3 Be7 6. Bg2 dxe4 7. Ng5 Bb7 8. Ngxe4 Nxe4 9. Nxe4 Qc8 10. O-O Nd7 11. Qg4 g6 12. Qe2 O-O 13. h4 Nf6 14. Bg5 Nxe4 15. Bxe7 Re8 16. Bb4 Nf6 17. Qe5 Nd7 18. Qe3 Bxg2 19. Kxg2 Qb7+ 20. Kh2 Nf6 21. Qg5 Nd5 22. Bd2 Qc6 23. c4 Ne7 24. Bc3 Qd6 25. Qf6 e5 26. Bxe5 Qxf6 27. Bxf6 Nc6 28. Rfe1 Re6 29. Bc3 Rae8 30. Kg2 Rxe1 31. Rxe1 Rxe1 32. Bxe1 Ne5 33. Bc3 Nxd3 34. b4 f5 35. Kf3 Kf7 36. Ke3 Nc1 37. a4 Nb3 38. Kd3 c5 39. b5 Ke6 40. Kc2 Na5 41. Bxa5 bxa5 42. Kd3 h6 43. Ke3 g5 44. hxg5 hxg5 45. f3 Kf6 46. f4 g4 47. Ke2 Ke6 48. Ke3 Kd7 49. Ke2 Kc7 50. Kd3 Kb6 51. Kc3 a6 52. Kb3 Kb7 53. Kc3 Ka7 54. bxa6 Kb6 55. Kb3 Kxa6 56. Kc3 Kb7 57. Kb3 Kc6 58. Kc3 Kd6 59. Kd3 Kc6 60. Ke3 Kd7 61. Kd3 Kd6 62. Kc3 Kc6 1/2-1/2


[Site "https://www.chess.com"]

[Event "Titled Tuesday Blitz May 30 Early 2023"]
[White "Fiorito, Francisco"]
[Black "Gurevich, Dmitry"]
[WhiteFideId "180165"]
[BlackFideId "2000407"]
[WhiteElo "2341"]
[BlackElo "2506"]
[Result "1-0"]
[Round "11"]
[TimeControl "180+2"]
[Date "2023.05.30"]
[WhiteClock "0:00:02"]
[BlackClock "0:00:00"]

1. Nf3 Nf6 2. b3 d5 3. Bb2 c5 4. g3 Nc6 5. d4 cxd4 6. Nxd4 Qa5+ 7. Bc3 Qb6 8. Nxc6 bxc6 9. e3 Ne4 10. Bb2 e6 11. Bg2 Ba6 12. a3 h5 13. h4 Rh7 14. Nd2 Nxd2 15. Qxd2 Be7 16. Bf3 Bf6 17. Bxf6 gxf6 18. Be2 Ke7 19. Qb4+ c5 20. Qd2 Rg8 21. Bd3 Bxd3 22. Qxd3 Rhg7 23. Qd2 Rg4 24. Rd1 a5 25. Qd3 c4 26. Qc3 Re4 27. Kf1 Rb8 28. Rb1 cxb3 29. Rxb3 Qa6+ 30. Kg2 Rc4 31. Qd2 Rbc8 32. Rb2 Qc6 33. Qxa5 d4+ 34. Kh2 dxe3 35. fxe3 Rxc2+ 36. Rxc2 Qxc2+ 37. Kh3 Rc5 38. Qb4 Qf5+ 39. Kh2 Ke8 40. Rg1 Rc2+ 41. Rg2 Rc1 42. Qb8+ Ke7 43. Qb4+ Ke8 44. Rd2 Rc8 45. Qb7 Qc5 46. Qd7+ Kf8 47. a4 Kg7 48. Qd3 Qc3 49. Qd7 Qxe3 50. Rg2 Rc1 51. Qb7 Qe1 52. Rb2 Qg1+ 53. Kh3 Rc3 54. Qg2 1-0


[Site "https://www.chess.com"]

[Event "Titled Tuesday Blitz May 30 Early 2023"]
[White "Erzhanov, Arman"]
[Black "Terletsky, Oleg"]
[WhiteFideId "4138821"]
[BlackFideId "14116774"]
[WhiteElo "2138"]
[BlackElo "2084"]
[Result "1-0"]
[Round "11"]
[TimeControl "180+2"]
[Date "2023.05.30"]
[WhiteClock "0:00:10"]
[BlackClock "0:00:00"]

1. e4 e5 2. Nf3 Nc6 3. Bb5 a6 4. Bxc6 dxc6 5. O-O f6 6. d4 exd4 7. Nxd4 c5 8. Ne2 Qxd1 9. Rxd1 Bd7 10. Be3 O-O-O 11. Nbc3 Bd6 12. Bf4 Bxf4 13. Nxf4 Ne7 14. Rd2 Bg4 15. Ncd5 Nxd5 16. Nxd5 Rde8 17. f3 Be6 18. Rad1 f5 19. Nc3 b6 20. Kf2 Rhf8 21. Re1 Kb7 22. b3 fxe4 23. Rxe4 Bf5 24. Rxe8 Rxe8 25. g4 Bg6 26. Ne2 Kc6 27. h4 Re7 28. Ng3 h6 29. f4 c4 30. f5 Bf7 31. Kf3 Kc5 32. Ne4+ Kb4 33. c3+ Ka3 34. b4 a5 35. bxa5 bxa5 36. Kf4 c6 37. g5 Bd5 38. Nd6 hxg5+ 39. hxg5 Re1 40. f6 gxf6 41. gxf6 Rf1+ 42. Kg5 Rf3 43. Kg6 Rxc3 44. Rxd5 cxd5 45. f7 Rg3+ 46. Kf6 Rf3+ 47. Nf5 Rxf5+ 48. Kxf5 c3 49. f8=Q+ Kb2 50. Qb8+ Kxa2 51. Qh2+ Kb1 52. Qg1+ Kb2 53. Qb6+ Kc1 54. Qg1+ Kb2 55. Qd4 a4 56. Qb4+ 1-0


[Site "https://www.chess.com"]